[Event "34rd NATO Championship 2024"]
[Site "Rhodes"]
[Date "2024.10.21"]
[Round "1.1"]
[White "Alexakis, Dimitris"]
[Black "Unruh, Charles M"]
[Result "1-0"]
[ECO "B07"]
[WhiteElo "2504"]
[BlackElo "1911"]
[Annotator "TA"]
[PlyCount "27"]
[EventDate "2024.09.18"]
[EventType "swiss"]
[EventCountry "GRE"]
[SourceTitle "playchess.com"]
[Source "ChessBase"]
[SourceQuality "1"]
[TimeControl "5400+30"]

1. e4 d6 2. d4 Nf6 3. Nc3 g6 4. f3 c6 5. g4 Bg7 6. h4 (6. Nge2 $14 {deserves consideration.}) 6... h5 $11 7. g5 Ng8 8. Be3 {[%cal Bc1e3,Be3f4,Bf4c7][%mdl 32] White is slightly better.} Qa5 9. Qd2 e6 10. O-O-O Ne7 11. Kb1 d5 {[%emt 0:00:00] [#]} (11... Qc7 $16) 12. Bf4 $1 $18 {[%emt 0:00:00][%cal Oc3d5] Strongly threatening Nxd5!} O-O $2 {[%emt 0:00:00] [#]} (12... Qd8 $16 {was called for.} 13. Qh2 Bd7) 13. Nxd5 $1 Qd8 14. Bc7 {[%emt 0:00:00] Weighted Error Value: White=0.09 (flawless) /Black=0.46.  Loses game:     	---       	Black=1      Mistake:       	---       	Black=1      Inaccurate:     	---       	Black=2      OK:         	White=5     	Black=3      Best:        	---       	Black=1} 1-0

[Event "34rd NATO Championship 2024"]
[Site "Rhodes"]
[Date "2024.10.21"]
[Round "1.2"]
[White "Van de Walle, Rob"]
[Black "Stein, Robert"]
[Result "0-1"]
[ECO "D37"]
[WhiteElo "1900"]
[BlackElo "2409"]
[Annotator "RC"]
[PlyCount "66"]
[EventDate "2024.09.18"]
[EventType "swiss"]
[EventCountry "GRE"]
[SourceTitle "playchess.com"]
[Source "ChessBase"]
[SourceQuality "1"]
[TimeControl "5400+30"]

1. d4 d5 2. c4 e6 3. Nc3 h6 4. Nf3 Nf6 5. Bf4 Bd6 6. Bxd6 Qxd6 7. e3 O-O 8. Rc1 Qe7 9. Be2 dxc4 10. Bxc4 c5 11. Qe2 cxd4 12. exd4 Nc6 13. O-O a6 14. Rfe1 b5 15. Bd3 Nb4 16. Bb1 Bb7 17. Ne5 Rfd8 18. Rcd1 Rac8 19. a4 bxa4 20. Nxa4 Nbd5 21. Qd2 Qb4 22. Nc5 Qxd2 23. Rxd2 Rc7 24. Nxb7 Rxb7 25. Nd3 Nb4 26. Nc5 Rb5 27. Ne4 Rbd5 28. Rc1 a5 29. g3 Kf8 30. Kg2 Nxe4 31. Bxe4 Rxd4 32. Rxd4 Rxd4 33. Bb1 Rd2 0-1

[Event "34rd NATO Championship 2024"]
[Site "Rhodes"]
[Date "2024.10.21"]
[Round "1.3"]
[White "Papasimakopoulos, Alexandros"]
[Black "Kruit, Erik"]
[Result "1-0"]
[ECO "A51"]
[WhiteElo "2372"]
[BlackElo "1899"]
[Annotator "RC"]
[PlyCount "43"]
[EventDate "2024.09.18"]
[EventType "swiss"]
[EventCountry "GRE"]
[SourceTitle "playchess.com"]
[Source "ChessBase"]
[SourceQuality "1"]
[TimeControl "5400+30"]

1. d4 Nf6 2. c4 e5 3. dxe5 Ne4 4. a3 a5 5. Qc2 f5 6. exf6 Nxf6 7. Nc3 Nc6 8. Nf3 Bc5 9. Bg5 O-O 10. e3 Ne7 11. Bd3 h6 12. Bxf6 gxf6 13. Ne4 b6 14. g4 Ba6 15. O-O-O Qe8 16. h4 d6 17. Rdg1 b5 18. cxb5 Bb7 19. g5 Nd5 20. gxh6+ Kh8 21. Rg7 Qh5 22. Nxc5 1-0

[Event "34rd NATO Championship 2024"]
[Site "Rhodes"]
[Date "2024.10.21"]
[Round "1.4"]
[White "Heran-Boily, Samuel"]
[Black "Aizpurua, Patrick Emilio"]
[Result "0-1"]
[ECO "B51"]
[WhiteElo "1898"]
[BlackElo "2322"]
[Annotator "RC"]
[PlyCount "58"]
[EventDate "2024.09.18"]
[EventType "swiss"]
[EventCountry "GRE"]
[SourceTitle "playchess.com"]
[Source "ChessBase"]
[SourceQuality "1"]
[TimeControl "5400+30"]

1. e4 c5 2. Nf3 d6 3. Bb5+ Nd7 4. O-O a6 5. Bd3 Ngf6 6. Re1 Qc7 7. c3 g6 8. Bc2 Bg7 9. d4 e5 10. d5 c4 11. a4 Rb8 12. h3 b5 13. axb5 axb5 14. Be3 Nc5 15. Nbd2 O-O 16. Qe2 Bd7 17. Bxc5 Qxc5 18. Qe3 Qc8 19. Ra7 Nh5 20. Rea1 Nf4 21. Nh2 Bh6 22. Qe1 b4 23. Nxc4 Bxh3 24. Nxd6 Qd8 25. gxh3 Qg5+ 26. Ng4 Nxh3+ 27. Kh2 Qxg4 28. Bd1 Bf4+ 29. Kh1 Nxf2+ 0-1

[Event "34rd NATO Championship 2024"]
[Site "Rhodes"]
[Date "2024.10.21"]
[Round "1.5"]
[White "Pedersen, Finn"]
[Black "Farrell, John"]
[Result "1-0"]
[ECO "D02"]
[WhiteElo "2282"]
[BlackElo "1898"]
[Annotator "RC"]
[PlyCount "93"]
[EventDate "2024.09.18"]
[EventType "swiss"]
[EventCountry "GRE"]
[SourceTitle "playchess.com"]
[Source "ChessBase"]
[SourceQuality "1"]
[TimeControl "5400+30"]

1. Nf3 Nf6 2. d4 d5 3. Bf4 c5 4. c3 e6 5. e3 Nc6 6. Nbd2 Be7 7. Bd3 Qb6 8. Qb1 h6 9. h3 Bd7 10. O-O O-O 11. Re1 Rac8 12. Ne5 Nxe5 13. Bxe5 Bb5 14. Bc2 Nd7 15. Bg3 Bd6 16. f4 f5 17. a4 Bc6 18. a5 Qd8 19. Nf3 Nf6 20. Bh4 Be7 21. Ne5 Be8 22. Qa2 Ne4 23. Bxe7 Qxe7 24. Bxe4 fxe4 25. Rf1 Qd6 26. Rf2 c4 27. b3 Bb5 28. b4 a6 29. Qe2 Qd8 30. Kh2 Be8 31. Rg1 Qh4 32. g3 Qh5 33. g4 Qh4 34. g5 Bh5 35. gxh6 Rc7 36. Qe1 Rf6 37. hxg7 Rh6 38. Rg3 Rh7 39. Rfg2 Qf6 40. Rg5 Be8 41. Qg3 Rcxg7 42. Rxg7+ Rxg7 43. Qxg7+ Qxg7 44. Rxg7+ Kxg7 45. Kg3 Kh6 46. Kh4 Kh7 47. Kg5 1-0

[Event "34rd NATO Championship 2024"]
[Site "Rhodes"]
[Date "2024.10.21"]
[Round "1.6"]
[White "Rosseel, Kimball"]
[Black "Helbig, Mark"]
[Result "0-1"]
[ECO "A00"]
[WhiteElo "1896"]
[BlackElo "2280"]
[Annotator "RC"]
[PlyCount "116"]
[EventDate "2024.09.18"]
[EventType "swiss"]
[EventCountry "GRE"]
[SourceTitle "playchess.com"]
[Source "ChessBase"]
[SourceQuality "1"]
[TimeControl "5400+30"]

1. b4 d5 2. Bb2 Bf5 3. Nf3 e6 4. e3 Nf6 5. a3 Bd6 6. c4 c6 7. c5 Bc7 8. d4 Nbd7 9. Bd3 Ne4 10. Qc2 Bg6 11. Nbd2 f5 12. Ne5 Bh5 13. Ndf3 O-O 14. O-O Bxf3 15. Nxf3 Qf6 16. a4 g5 17. Bxe4 fxe4 18. Ne1 Qh6 19. g3 Rf3 20. Kg2 Raf8 21. Bc3 Qh5 22. h3 g4 23. h4 Bxg3 24. fxg3 Rxf1 25. Qe2 Qf5 26. Ra2 a6 27. a5 h6 28. Rb2 Kh7 29. Ra2 Rf3 30. Qd2 Rxe3 31. Kh2 Rxg3 32. Kxg3 Qf1 33. Qg2 Qc4 34. Rc2 Nf6 35. Qe2 Qb3 36. Ng2 e3 37. Be1 h5 38. Nxe3 Ne4+ 39. Kh2 Rf3 40. Ng2 Qb1 41. Rb2 Qa1 42. Qc2 Kg7 43. Qb1 Qa3 44. Qc2 Rf1 45. Rb3 Qa4 46. Qb2 Qb5 47. Qc2 Rf3 48. Rxf3 gxf3 49. Nf4 Qf1 50. Bg3 f2 51. Nh3 Qxh3+ 52. Kxh3 f1=Q+ 53. Qg2 Nxg3 54. Kxg3 Qxg2+ 55. Kxg2 Kf6 56. Kg3 e5 57. dxe5+ Kxe5 58. Kf3 d4 0-1

[Event "34rd NATO Championship 2024"]
[Site "Rhodes"]
[Date "2024.10.21"]
[Round "1.7"]
[White "Pavlidis, Anastasios"]
[Black "Skaburskis, Martynas"]
[Result "1-0"]
[ECO "D35"]
[WhiteElo "2279"]
[BlackElo "1893"]
[Annotator "RC"]
[PlyCount "67"]
[EventDate "2024.09.18"]
[EventType "swiss"]
[EventCountry "GRE"]
[SourceTitle "playchess.com"]
[Source "ChessBase"]
[SourceQuality "1"]
[TimeControl "5400+30"]

1. d4 d5 2. c4 e6 3. Nc3 Nf6 4. cxd5 exd5 5. Bg5 c6 6. e3 Bf5 7. Qf3 Bg6 8. Bxf6 Qxf6 9. Qxf6 gxf6 10. h4 h5 11. Nge2 Bd6 12. Nc1 Nd7 13. Nd3 Rg8 14. g3 f5 15. Ne2 Nf6 16. Nef4 Ng4 17. Ke2 O-O-O 18. Bg2 Rde8 19. b4 Nf6 20. a4 Ne4 21. Rhc1 Kd7 22. b5 Rc8 23. bxc6+ bxc6 24. Bf3 Nf6 25. Bg2 Rb8 26. Rc2 Rb6 27. a5 Rbb8 28. Rac1 Rgc8 29. Ne5+ Bxe5 30. dxe5 Ng4 31. e6+ Kd8 32. Bxd5 cxd5 33. Rxc8+ Rxc8 34. e7+ 1-0

[Event "34rd NATO Championship 2024"]
[Site "Rhodes"]
[Date "2024.10.21"]
[Round "1.8"]
[White "Dowd, Patrick"]
[Black "Reizniece-Ozola, Dana"]
[Result "0-1"]
[ECO "B06"]
[WhiteElo "1885"]
[BlackElo "2255"]
[Annotator "RC"]
[PlyCount "58"]
[EventDate "2024.09.18"]
[EventType "swiss"]
[EventCountry "GRE"]
[SourceTitle "playchess.com"]
[Source "ChessBase"]
[SourceQuality "1"]
[TimeControl "5400+30"]

1. d4 g6 2. Bf4 Bg7 3. Nc3 d6 4. e4 a6 5. Qd2 b5 6. Nf3 Bb7 7. Bd3 Nd7 8. O-O-O c5 9. d5 c4 10. Be2 b4 11. Na4 Qa5 12. b3 c3 13. Qe3 Nc5 14. e5 Nxa4 15. exd6 Nb6 16. Kb1 Qa3 17. Qc1 Qxc1+ 18. Kxc1 Nxd5 19. Bg3 exd6 20. Bxd6 O-O-O 21. Rxd5 Bxd5 22. Bxa6+ Bb7 23. Bxb7+ Kxb7 24. Bxb4 Nh6 25. h4 Rhe8 26. h5 Ng4 27. hxg6 hxg6 28. Ng5 Nxf2 29. Rf1 Bh6 0-1

[Event "34rd NATO Championship 2024"]
[Site "Rhodes"]
[Date "2024.10.21"]
[Round "1.9"]
[White "Andersen, Hans-Christoph"]
[Black "Ivbulis, Martins"]
[Result "1-0"]
[ECO "D30"]
[WhiteElo "2229"]
[BlackElo "1891"]
[Annotator "RC"]
[PlyCount "43"]
[EventDate "2024.09.18"]
[EventType "swiss"]
[EventCountry "GRE"]
[SourceTitle "playchess.com"]
[Source "ChessBase"]
[SourceQuality "1"]
[TimeControl "5400+30"]

1. d4 d5 2. c4 e6 3. Nf3 a6 4. Bg5 Be7 5. Bxe7 Qxe7 6. Nbd2 Nf6 7. g3 dxc4 8. Nxc4 b5 9. Na5 Ne4 10. a3 Nd7 11. Bg2 Ndf6 12. Nd2 Nxf2 13. Kxf2 Ng4+ 14. Kg1 Qg5 15. Nf1 Qf6 16. Bf3 e5 17. h3 e4 18. Bxg4 Bxg4 19. hxg4 e3 20. Nxe3 O-O-O 21. Qd3 g6 22. Rc1 1-0

[Event "34rd NATO Championship 2024"]
[Site "Rhodes"]
[Date "2024.10.21"]
[Round "1.10"]
[White "Dino, Giuseppe"]
[Black "Rahmanidis, Petros"]
[Result "0-1"]
[ECO "A09"]
[WhiteElo "1884"]
[BlackElo "2219"]
[Annotator "RC"]
[PlyCount "136"]
[EventDate "2024.09.18"]
[EventType "swiss"]
[EventCountry "GRE"]
[SourceTitle "playchess.com"]
[Source "ChessBase"]
[SourceQuality "1"]
[TimeControl "5400+30"]

1. g3 d5 2. Bg2 Nf6 3. d3 e5 4. c4 d4 5. Nf3 Nc6 6. O-O h6 7. Qa4 Bd7 8. Bd2 Bc5 9. Qc2 a5 10. a3 O-O 11. Ra2 Re8 12. Bc1 Be6 13. Nbd2 Nd7 14. Ne4 Bf8 15. b3 f5 16. Ned2 Nf6 17. Nh4 Bc5 18. Ng6 Bf7 19. Nh4 Qd7 20. Kh1 g5 21. Nhf3 Rad8 22. Ne1 Bh5 23. f3 Bg6 24. Ra1 Kh7 25. Rb1 Qe7 26. Ra1 Kg7 27. Ra2 Bh7 28. Kg1 Kh8 29. Kh1 h5 30. Nb1 Rg8 31. h3 e4 32. Bd2 e3 33. Bxa5 Bd6 34. c5 Bxg3 35. Bb4 f4 36. Qc4 Bf5 37. Nc2 Qd7 38. Be1 h4 39. Nb4 Ne5 40. c6 Qd6 41. Qb5 b6 42. a4 Bxe1 43. Rxe1 Ra8 44. a5 bxa5 45. Rxa5 Rxa5 46. Qxa5 Rb8 47. Na6 Rb6 48. Nc5 Nxc6 49. Qa8+ Rb8 50. Qa3 Nd7 51. Rc1 Kh7 52. Ne4 Bxe4 53. Qxd6 cxd6 54. fxe4 Nde5 55. Na3 Rxb3 56. Nc4 Nxc4 57. Rxc4 Rb6 58. Kg1 Kg7 59. Bf3 Kf7 60. Kg2 Ke7 61. Bg4 Kd8 62. Be6 Ne5 63. Rxd4 Rb2 64. Bg4 Nxg4 65. hxg4 Rxe2+ 66. Kg1 f3 67. Rxd6+ Ke7 68. Rd5 Re1+ 0-1

[Event "34rd NATO Championship 2024"]
[Site "Rhodes"]
[Date "2024.10.21"]
[Round "1.11"]
[White "Pietruszewski, Marcin"]
[Black "Sherpa, Ngadi"]
[Result "1-0"]
[ECO "D11"]
[WhiteElo "2174"]
[BlackElo "1882"]
[Annotator "RC"]
[PlyCount "71"]
[EventDate "2024.09.18"]
[EventType "swiss"]
[EventCountry "GRE"]
[SourceTitle "playchess.com"]
[Source "ChessBase"]
[SourceQuality "1"]
[TimeControl "5400+30"]

1. d4 c6 2. c4 d5 3. Nf3 Nf6 4. e3 Bg4 5. h3 Bxf3 6. Qxf3 Nbd7 7. Nc3 e6 8. Bd3 Bb4 9. O-O O-O 10. Rd1 h6 11. Bd2 Bd6 12. Rac1 Re8 13. e4 dxe4 14. Nxe4 Nxe4 15. Bxe4 Nf6 16. Bb1 Bb8 17. Bc3 Qc7 18. g3 Nh7 19. Qd3 Nf8 20. Bb4 f5 21. h4 Ng6 22. Re1 Qf7 23. h5 Nf8 24. d5 Qxh5 25. dxe6 Rxe6 26. Bxf8 Rxe1+ 27. Rxe1 Bxg3 28. Qxg3 Rxf8 29. Re7 g5 30. Bd3 Rd8 31. Be2 Qg6 32. Qe5 g4 33. c5 Kf8 34. Bc4 Rd5 35. Bxd5 cxd5 36. Rxb7 1-0

[Event "34rd NATO Championship 2024"]
[Site "Rhodes"]
[Date "2024.10.21"]
[Round "1.12"]
[White "Steffers, Hendrik"]
[Black "Pavlidou, Ekaterini"]
[Result "0-1"]
[ECO "C10"]
[WhiteElo "1882"]
[BlackElo "2153"]
[Annotator "RC"]
[PlyCount "116"]
[EventDate "2024.09.18"]
[EventType "swiss"]
[EventCountry "GRE"]
[SourceTitle "playchess.com"]
[Source "ChessBase"]
[SourceQuality "1"]
[TimeControl "5400+30"]

1. d4 Nf6 2. Nf3 e6 3. Nc3 d5 4. Bg5 Nbd7 5. e4 dxe4 6. Nxe4 Be7 7. Nxf6+ Nxf6 8. Be2 O-O 9. O-O h6 10. Bh4 Ne4 11. Bxe7 Qxe7 12. Qd3 Nd6 13. Ne5 Rd8 14. c3 Bd7 15. Qh3 Be8 16. Bd3 f6 17. Ng4 Nf7 18. f4 Rd6 19. Rae1 Rad8 20. Ne3 Qd7 21. Bc4 b5 22. Bb3 Qc6 23. Nd1 Bd7 24. Nf2 Bc8 25. Ne4 Rd5 26. Qg3 Rf5 27. Nc5 Rd6 28. Bc2 Rxc5 29. dxc5 Qxc5+ 30. Kh1 Rd2 31. Bb3 Bb7 32. Rg1 Nd6 33. Rxe6 Kh7 34. Bc2+ Rxc2 35. Rxd6 Rxg2 36. Rxg2 Bxg2+ 37. Kxg2 Qxd6 38. Qe3 Qd5+ 39. Kg3 a5 40. h4 c6 41. b3 h5 42. Qe2 Kh6 43. Qe3 Kh7 44. Qe2 Qf5 45. Qf3 c5 46. Qe2 b4 47. cxb4 cxb4 48. Qd1 Qg6+ 49. Kh3 f5 50. Qd4 Qg4+ 51. Kh2 Qxh4+ 52. Kg2 Qg4+ 53. Kh1 Qf3+ 54. Kg1 h4 55. Qd8 Qg4+ 56. Kh1 Qxf4 57. Qxa5 Qf3+ 58. Kh2 h3 0-1

[Event "34rd NATO Championship 2024"]
[Site "Rhodes"]
[Date "2024.10.21"]
[Round "1.13"]
[White "Bohn, Ulrich"]
[Black "Middaugh, Jon S"]
[Result "1-0"]
[ECO "B07"]
[WhiteElo "2149"]
[BlackElo "1877"]
[Annotator "RC"]
[PlyCount "71"]
[EventDate "2024.09.18"]
[EventType "swiss"]
[EventCountry "GRE"]
[SourceTitle "playchess.com"]
[Source "ChessBase"]
[SourceQuality "1"]
[TimeControl "5400+30"]

1. d4 Nf6 2. Bf4 d6 3. Nc3 g6 4. e4 Bg7 5. Qd2 O-O 6. O-O-O c6 7. Bh6 Qc7 8. f3 e5 9. d5 Ne8 10. g4 Nd7 11. h4 Nb6 12. dxc6 bxc6 13. h5 f6 14. hxg6 hxg6 15. Be3 Be6 16. b3 Qe7 17. Qf2 Qc7 18. Nge2 Kf7 19. f4 Bxg4 20. fxe5 dxe5 21. Qg3 f5 22. Bh3 Nf6 23. Bxg4 Nxg4 24. exf5 gxf5 25. Bc5 Rg8 26. Rdf1 Bh6+ 27. Kb1 Bf4 28. Rh7+ Rg7 29. Qh3 Rag8 30. Qh5+ Kf6 31. Rxg7 Rxg7 32. Nxf4 exf4 33. Bd4+ Ke6 34. Re1+ Kd6 35. Qxf5 Qf7 36. Bc5+ 1-0

[Event "34rd NATO Championship 2024"]
[Site "Rhodes"]
[Date "2024.10.21"]
[Round "1.14"]
[White "Steen, Kris"]
[Black "Jauk, Wilhelm"]
[Result "1/2-1/2"]
[ECO "B01"]
[WhiteElo "1876"]
[BlackElo "2143"]
[Annotator "RC"]
[PlyCount "41"]
[EventDate "2024.09.18"]
[EventType "swiss"]
[EventCountry "GRE"]
[SourceTitle "playchess.com"]
[Source "ChessBase"]
[SourceQuality "1"]
[TimeControl "5400+30"]

1. e4 d5 2. exd5 Qxd5 3. Nc3 Qa5 4. d4 Nf6 5. Bd2 c6 6. Ne4 Qb6 7. Nxf6+ exf6 8. Qe2+ Be6 9. O-O-O Qxd4 10. Nf3 Qa4 11. a3 Bxa3 12. Bc3 Bc5 13. b3 Qf4+ 14. Kb1 O-O 15. Nd4 Bxd4 16. Rxd4 Qc7 17. Qf3 Nd7 18. Qh5 Rfe8 19. Bd3 Nf8 20. Bxh7+ Nxh7 21. Rh4 1/2-1/2

[Event "34rd NATO Championship 2024"]
[Site "Rhodes"]
[Date "2024.10.21"]
[Round "1.15"]
[White "Casteleijn, Diederick"]
[Black "Bublys, Vaidotas"]
[Result "1-0"]
[ECO "A09"]
[WhiteElo "2128"]
[BlackElo "1872"]
[Annotator "RC"]
[PlyCount "45"]
[EventDate "2024.09.18"]
[EventType "swiss"]
[EventCountry "GRE"]
[SourceTitle "playchess.com"]
[Source "ChessBase"]
[SourceQuality "1"]
[TimeControl "5400+30"]

1. Nf3 d5 2. c4 Nf6 3. e3 g6 4. cxd5 Nxd5 5. Nc3 Bg7 6. Qb3 Nb6 7. h4 Be6 8. Qc2 Bg4 9. Nh2 Bf5 10. e4 Be6 11. Bb5+ c6 12. Be2 N8d7 13. d3 Qc7 14. Be3 f5 15. Nf3 f4 16. Bd2 O-O-O 17. O-O-O Ne5 18. Ng5 Bg8 19. Nh3 Bh6 20. g3 Be6 21. Nxf4 Bg4 22. Bxg4+ Nxg4 23. Ne6 1-0

[Event "34rd NATO Championship 2024"]
[Site "Rhodes"]
[Date "2024.10.21"]
[Round "1.16"]
[White "Simard, Francois"]
[Black "Circenis, Kaspars"]
[Result "0-1"]
[ECO "D43"]
[WhiteElo "1868"]
[BlackElo "2120"]
[Annotator "RC"]
[PlyCount "64"]
[EventDate "2024.09.18"]
[EventType "swiss"]
[EventCountry "GRE"]
[SourceTitle "playchess.com"]
[Source "ChessBase"]
[SourceQuality "1"]
[TimeControl "5400+30"]

1. d4 Nf6 2. c4 e6 3. Nc3 d5 4. Nf3 Bb4 5. Bg5 c6 6. Qc2 h6 7. Bxf6 Qxf6 8. e3 Nd7 9. cxd5 exd5 10. Bd3 O-O 11. O-O g5 12. Bf5 h5 13. g4 Kg7 14. Kg2 Bd6 15. Ne2 h4 16. Neg1 Qd8 17. Nh3 f6 18. Bg6 Be7 19. Bh5 f5 20. Ne5 Nf6 21. Ng6 fxg4 22. Nxg5 Nxh5 23. Nxe7 Qxe7 24. Qh7+ Kf6 25. Qxh5 h3+ 26. Kg1 Rg8 27. Nh7+ Kg7 28. Ng5 Rh8 29. Ne6+ Bxe6 30. Qe5+ Qf6 31. Qc7+ Kg6 32. Qg3 Qf3 0-1

[Event "34rd NATO Championship 2024"]
[Site "Rhodes"]
[Date "2024.10.21"]
[Round "1.17"]
[White "Mautone, Valerio"]
[Black "Smit, Jan"]
[Result "1-0"]
[ECO "B07"]
[WhiteElo "2117"]
[BlackElo "1866"]
[Annotator "RC"]
[PlyCount "61"]
[EventDate "2024.09.18"]
[EventType "swiss"]
[EventCountry "GRE"]
[SourceTitle "playchess.com"]
[Source "ChessBase"]
[SourceQuality "1"]
[TimeControl "5400+30"]

1. e4 d6 2. d4 g6 3. Nc3 Bg7 4. Be3 Nf6 5. Qd2 c6 6. Bh6 O-O 7. Bxg7 Kxg7 8. Bd3 e5 9. Nge2 Qc7 10. O-O b5 11. a3 a6 12. Kh1 c5 13. dxe5 dxe5 14. Ng3 Nc6 15. f4 c4 16. fxe5 Qxe5 17. Be2 Nd4 18. Rae1 Be6 19. Bd1 Rad8 20. Qc1 h5 21. Rf4 g5 22. Rff1 h4 23. Nf5+ Kg6 24. Nd5 Bxd5 25. exd5 Qxe1 26. Rxe1 Nxf5 27. c3 Kh6 28. Rf1 Rxd5 29. Bc2 Kg6 30. Bxf5+ Rxf5 31. Qc2 1-0

[Event "34rd NATO Championship 2024"]
[Site "Rhodes"]
[Date "2024.10.21"]
[Round "1.18"]
[White "Risk, Gregory"]
[Black "Tetepoulidis, Ioannis"]
[Result "0-1"]
[ECO "E61"]
[WhiteElo "1862"]
[BlackElo "2100"]
[Annotator "RC"]
[PlyCount "84"]
[EventDate "2024.09.18"]
[EventType "swiss"]
[EventCountry "GRE"]
[SourceTitle "playchess.com"]
[Source "ChessBase"]
[SourceQuality "1"]
[TimeControl "5400+30"]

1. Nf3 d6 2. d4 Nf6 3. c4 g6 4. Nc3 Bf5 5. Qb3 b6 6. g3 Bg7 7. Bg2 Nc6 8. O-O O-O 9. Qd1 Ne4 10. Nxe4 Bxe4 11. e3 d5 12. Qe2 e5 13. dxe5 dxc4 14. Qxc4 Bxf3 15. Bxf3 Nxe5 16. Qe2 Nxf3+ 17. Qxf3 Qf6 18. Qxf6 Bxf6 19. Rb1 c5 20. Rd1 Rfd8 21. Bd2 Kf8 22. Kf1 Ke7 23. Ke2 b5 24. b3 Rac8 25. Rbc1 c4 26. bxc4 Rxc4 27. Rxc4 bxc4 28. Bb4+ Ke6 29. Rxd8 Bxd8 30. Bc3 Kd5 31. f3 f5 32. h3 h5 33. Kf2 Bc7 34. g4 hxg4 35. hxg4 fxg4 36. fxg4 Ke4 37. Ke2 Bb6 38. Bd2 Bc5 39. a4 a6 40. Bc1 c3 41. Kf2 Kd3 42. Kf3 Kc2 0-1

[Event "34rd NATO Championship 2024"]
[Site "Rhodes"]
[Date "2024.10.21"]
[Round "1.19"]
[White "Sauer, Marko"]
[Black "Jeselson, Andrew"]
[Result "1/2-1/2"]
[ECO "B22"]
[WhiteElo "2086"]
[BlackElo "1858"]
[Annotator "RC"]
[PlyCount "102"]
[EventDate "2024.09.18"]
[EventType "swiss"]
[EventCountry "GRE"]
[SourceTitle "playchess.com"]
[Source "ChessBase"]
[SourceQuality "1"]
[TimeControl "5400+30"]

1. e4 c5 2. c3 Nf6 3. e5 Nd5 4. d4 cxd4 5. cxd4 d6 6. Nf3 Nc6 7. Be2 e6 8. O-O Be7 9. Bd2 Qb6 10. exd6 Bxd6 11. Bc3 O-O 12. Nbd2 Nf4 13. Re1 Nxe2+ 14. Qxe2 Qd8 15. Nc4 Ne7 16. Nxd6 Qxd6 17. Qe5 Qxe5 18. dxe5 Nd5 19. Bd2 Bd7 20. Rac1 Rfc8 21. Nd4 Kf8 22. f4 h5 23. Kf2 Ke7 24. h3 a6 25. g4 hxg4 26. hxg4 Rxc1 27. Rxc1 Rh8 28. Kg3 f6 29. exf6+ gxf6 30. Re1 Kd6 31. Nf3 Ke7 32. g5 Kf7 33. gxf6 Kxf6 34. Ne5 Bb5 35. b3 Rc8 36. a4 Be8 37. Ng4+ Kf7 38. Rh1 Kg7 39. Rc1 Rxc1 40. Bxc1 Bg6 41. Bb2+ Kg8 42. Nf6+ Nxf6 43. Bxf6 a5 44. Kf3 Bc2 45. Bd8 Bxb3 46. Bxa5 Bxa4 47. Bc7 Kf7 48. Ke3 Kf6 49. Kd3 Kf5 50. Kc3 Bc6 51. Kb4 Bd5 1/2-1/2

[Event "34rd NATO Championship 2024"]
[Site "Rhodes"]
[Date "2024.10.21"]
[Round "1.20"]
[White "Muld, Tarmo"]
[Black "Tustanowski, Mateusz"]
[Result "0-1"]
[ECO "D51"]
[WhiteElo "1857"]
[BlackElo "2081"]
[Annotator "RC"]
[PlyCount "68"]
[EventDate "2024.09.18"]
[EventType "swiss"]
[EventCountry "GRE"]
[SourceTitle "playchess.com"]
[Source "ChessBase"]
[SourceQuality "1"]
[TimeControl "5400+30"]

1. d4 Nf6 2. c4 e6 3. Nf3 d5 4. Nc3 c6 5. Bg5 Nbd7 6. cxd5 exd5 7. g3 h6 8. Bd2 Bd6 9. Bg2 O-O 10. O-O Re8 11. a3 Nb6 12. Re1 Ne4 13. b3 Qf6 14. a4 Bg4 15. a5 Nd7 16. a6 b6 17. Qc2 Bxf3 18. exf3 Nxd2 19. Qxd2 Bb4 20. Rxe8+ Rxe8 21. Qd3 Nc5 22. dxc5 Bxc3 23. Rc1 Bb2 24. Rd1 bxc5 25. Bh3 Qe7 26. Kg2 g6 27. Qc2 Bd4 28. b4 Rb8 29. bxc5 Rb2 30. Qd3 Rxf2+ 31. Kh1 Bxc5 32. Rc1 Bb6 33. Bc8 Qe5 34. Bb7 Qb2 0-1

[Event "34rd NATO Championship 2024"]
[Site "Rhodes"]
[Date "2024.10.21"]
[Round "1.21"]
[White "Mestek, Igor"]
[Black "Wagenaar, Harm Theo"]
[Result "1-0"]
[ECO "C00"]
[WhiteElo "2080"]
[BlackElo "1857"]
[Annotator "RC"]
[PlyCount "63"]
[EventDate "2024.09.18"]
[EventType "swiss"]
[EventCountry "GRE"]
[SourceTitle "playchess.com"]
[Source "ChessBase"]
[SourceQuality "1"]
[TimeControl "5400+30"]

1. Nf3 d5 2. e4 e6 3. Nc3 dxe4 4. Nxe4 Bd7 5. g3 Bc6 6. Qe2 Nd7 7. Bg2 Ngf6 8. Nxf6+ Nxf6 9. O-O Be7 10. d4 O-O 11. c4 Bxf3 12. Bxf3 c6 13. Rd1 Re8 14. Be3 Qa5 15. a3 Rad8 16. Kg2 Rd7 17. Qc2 Red8 18. g4 Ne8 19. b4 Qc7 20. Rd2 Bd6 21. Rad1 Bf4 22. Qe4 Bxe3 23. Qxe3 a6 24. d5 exd5 25. cxd5 cxd5 26. Rxd5 Kf8 27. Rxd7 Rxd7 28. Rxd7 Qxd7 29. Qe4 Qa4 30. Qxb7 Qxa3 31. Bd5 Nd6 32. Qb8+ 1-0

[Event "34rd NATO Championship 2024"]
[Site "Rhodes"]
[Date "2024.10.21"]
[Round "1.22"]
[White "Korge, Kersti"]
[Black "Jacob, Tobias"]
[Result "0-1"]
[ECO "D05"]
[WhiteElo "1854"]
[BlackElo "2073"]
[Annotator "RC"]
[PlyCount "34"]
[EventDate "2024.09.18"]
[EventType "swiss"]
[EventCountry "GRE"]
[SourceTitle "playchess.com"]
[Source "ChessBase"]
[SourceQuality "1"]
[TimeControl "5400+30"]

1. d4 d5 2. Nf3 Nf6 3. e3 e6 4. Bd3 c5 5. b3 b6 6. Bb2 Bb7 7. O-O Nc6 8. a3 Bd6 9. Ne5 O-O 10. Nd2 Rc8 11. f4 Ne7 12. g4 cxd4 13. exd4 Ne4 14. Bxe4 dxe4 15. Qe2 Bxe5 16. fxe5 Rxc2 17. Rab1 Rxb2 0-1

[Event "34rd NATO Championship 2024"]
[Site "Rhodes"]
[Date "2024.10.21"]
[Round "1.23"]
[White "Fichtner, Ewald"]
[Black "Allmann, Lauri"]
[Result "1/2-1/2"]
[ECO "B08"]
[WhiteElo "2063"]
[BlackElo "1852"]
[Annotator "RC"]
[PlyCount "57"]
[EventDate "2024.09.18"]
[EventType "swiss"]
[EventCountry "GRE"]
[SourceTitle "playchess.com"]
[Source "ChessBase"]
[SourceQuality "1"]
[TimeControl "5400+30"]

1. d4 Nf6 2. Nc3 g6 3. e4 d6 4. Nf3 Bg7 5. Be2 Nbd7 6. e5 dxe5 7. dxe5 Ng4 8. e6 Nde5 9. Qxd8+ Kxd8 10. Ng5 f6 11. Nf7+ Nxf7 12. exf7 Ne5 13. Be3 Nxf7 14. O-O-O+ Nd6 15. Nd5 e6 16. Nc3 Ke7 17. Bc5 b6 18. Bf3 Rb8 19. Be3 Bb7 20. Bxb7 Rxb7 21. Rhe1 Kf7 22. f3 Re8 23. Ne2 Nc4 24. Bf4 e5 25. Rd7+ Re7 26. Rxe7+ Kxe7 27. b3 Nd6 28. Bd2 c5 29. Nf4 1/2-1/2